 Dungeon Crawl Stone Soup version 0.26-a0-835-g8259106e14 (webtiles) character file.

Game seed: 3370869091675890504

23 jestyr24 the Vandal (level 2, -10/14 HPs)
             Began as a Spriggan Hunter on Nov 18, 2020.
             Engulfed by a cloud of flame (13 damage)
             ... on level 1 of the Dungeon.
             The game lasted 00:06:37 (434 turns).

jestyr24 the Vandal (Spriggan Hunter)                Turns: 434, Time: 00:06:37

Health: -10/14     AC:  2    Str: 14    XL:     2   Next: 72%
Magic:  3/3        EV: 18    Int: 12    God:
Gold:   28         SH:  0    Dex: 16    Spells: 1/1 levels left

rFire    . . .     SeeInvis +   a - +1 hunting sling
rCold    . . .     Faith    .   (shield restricted)
rNeg     . . .     Spirit   .   c - +0 robe
rPois    .         Reflect  .   (helmet restricted)
rElec    .         Harm     .   (no cloak)
rCorr    .         Rampage  .   (gloves unavailable)
MR       .....                  (boots unavailable)
Stlth    ++........             g - amulet of regeneration
HPRegen  0.44/turn              e - +6 ring of strength
MPRegen  0.08/turn              (no ring)

@: very quick
A: very small, unfitting armour, see invisible, speed 3
a: no special abilities


You were on level 1 of the Dungeon.
You visited 1 branch of the dungeon, and saw 1 of its levels.

You collected 28 gold pieces.

Inventory:

Hand Weapons
 a - a +1 hunting sling (weapon)
 b - a +0 short sword
 l - a +1 dagger of venom
 n - a +0 dagger of pain
Missiles
 d - 19 sling bullets
 h - 32 stones (quivered)
Armour
 c - a +0 robe (worn)
Jewellery
 e - a +6 ring of strength (left hand)
 g - an amulet of regeneration (around neck)
Scrolls
 f - a scroll of amnesia {unknown}
 i - a scroll of fear {unknown}
 m - a scroll of teleportation {unknown}
Potions
 j - a potion of heal wounds {unknown}
 k - a potion of curing {unknown}


   Skills:
 - Level 1.6 Fighting
 + Level 5.7 Slings
 + Level 3.1 Dodging
 * Level 2.0 Stealth


You had one spell level left.
You didn't know any spells.
Your spell library was empty.

Dungeon Overview and Level Annotations

Branches:
Dungeon (1/15)

Altars:


Innate Abilities, Weirdness & Mutations

You are very small and have problems with some larger weapons.
You are too small for most types of armour.
You have supernaturally acute eyesight. (SInv)
You cover ground extremely quickly.


Message History

Aim: a goblin You shoot a stone.
The stone hits the goblin!
You kill the goblin!
Your Stealth skill increases to level 2!
Found a runed dagger.
m - a scroll labelled ANOECV WATAFAM You now have 28 gold pieces (gained 10).
h - 32 stones (gained 2)
You see here a runed dagger.
n - a runed dagger
Found a runed flail.
Really walk into a travel-excluded area?
Really walk into that cloud of flame?
You are engulfed in blazing flames.
Ouch! That really hurt!
* * * LOW HITPOINT WARNING * * *
Really walk into that cloud of flame?
You are engulfed in blazing flames.
Ouch! That really hurt!
You die...

.......#..........>......#
.........................#
..>....#....#............#
............######...#####
.......#.#### #§○§#
.........# #.☼§#
.#.#.#.#.##### #○☼°#
.............#####...###
############..°.@......°
#..§°§.)/(.☼°
##.☼°☼..)..§° ######)..###
°§☼# .°§# §☼# ..#


There were no monsters in sight!

Vanquished Creatures
  A dart slug (D:1)
  A leopard gecko (D:1)
  2 bats (D:1)
  2 giant cockroaches (D:1)
  4 goblins (D:1)
  2 hobgoblins (D:1)
  2 frilled lizards (D:1)
  2 kobolds (D:1)
  2 rats (D:1)
18 creatures vanquished.

Vanquished Creatures (others)
  A goblin (D:1)
1 creature vanquished.

Grand Total: 19 creatures vanquished

Notes
Turn   | Place    | Note
-------+----------+-------------------------------------------
     0 | D:1      | jestyr24 the Spriggan Hunter began the quest for the Orb.
     0 | D:1      | Reached XP level 1. HP: 10/10 MP: 2/2
    15 | D:1      | Reached skill level 5 in Slings
    74 | D:1      | Reached XP level 2. HP: 14/14 MP: 3/3
   434 | D:1      | Engulfed by a cloud of flame

Illustrated notes

Levels and vault maps discovered:
D:1:      erik_arrival_cave_to_civilisation [erik_arrival_cave_to_hall],
          layout_basic, minmay_crystal_room, st_stairs_4, lemuel_flame_loot_1

Skill      XL: |  1  2 |
---------------+-------+-----
Slings         | 5 |  5.7
Stealth        | 2 |  2.0
Fighting       | |  1.6
Dodging        | |  3.1

Action                   || total
-------------------------++-------
 Fire: Hunting sling     ||    35
Armor: Robe              ||     1
Dodge: Dodged            ||     4

Table legend: (Time is in decaauts)
 A = Elapsed time spent in this place.
 B = Non-inter-level travel time spent in this place.
 C = Inter-level travel time spent in this place.
 D = Time resting spent in this place.
 E = Time spent auto-exploring this place.
 F = Levels seen in this place.
 G = Mean time per level.
                   A        B        C        D        E       F      G
               +--------+--------+--------+--------+--------+-----+--------+
         Total |    289 |    289 |      0 |      0 |    148 |   1 |  289.0 |
       Dungeon |    289 |    289 |      0 |      0 |    148 |   1 |  289.0 |
               +--------+--------+--------+--------+--------+-----+--------+

Top non-repeatable levels by time:
     D:1: 289 daAuts
